 Dungeon Crawl Stone Soup version 0.29.1-1-gd02db6906a (webtiles) character file.

Game seed: 13236175387150020299

4032 RatsInWalls the Fighter (level 10, -25/120 HPs)
             Began as a Human Monk on Oct 21, 2022.
             Was a Believer of Vehumet.
             Killed by an exploding yak (39 damage)
             ... ignited by their inner flame
             ... on level 8 of the Dungeon.
             The game lasted 00:25:55 (12109 turns).

RatsInWalls the Fighter (Human Monk)               Turns: 12109, Time: 00:25:56

Health: -25/120    AC: 16    Str: 11    XL:     10   Next: 48%
Magic:  17/17      EV: 15    Int: 15    God:    Vehumet [**....]
Gold:   245        SH:  0    Dex: 16    Spells: 17/18 levels left

rFire   . . .      SeeInvis .   D - +1 flail (protect)
rCold   . . .      Faith    .   (no shield)
rNeg    + . .      Spirit   .   w - +2 leather armour "Juwiow" {Stlth+}
rPois   .          Reflect  .   (no helmet)
rElec   .          Harm     .   t - +1 cloak
rCorr   .          Rampage  .   z - +0 pair of gloves
Will    .....                   (no boots)
Stlth   ..........              A - amulet of magic regeneration
HPRegen 0.30/turn               x - ring of flight
MPRegen 0.55/turn               B - ring of positive energy

@: berserking, under a protective aura, flying, very quick
A: no striking features
a: Renounce Religion


You were on level 8 of the Dungeon.
You worshipped Vehumet.
Vehumet was pleased with you.
You visited 2 branches of the dungeon, and saw 9 of its levels.

You collected 416 gold pieces.
You spent 171 gold pieces at shops.

Inventory:

Hand Weapons
 l - a +3 whip of electrocution
 o - a +2 whip of venom
 D - a +1 flail of protection (weapon)
Missiles
 h - 3 throwing nets (quivered)
 i - 6 boomerangs
 r - 3 curare-tipped darts
 u - 31 poisoned darts
Armour
 e - a +0 ring mail
 t - a +1 cloak (worn)
 w - the +2 leather armour "Juwiow" (worn) {Stlth+}
   (You found it on level 5 of the Dungeon)

   Stlth:     It makes you more stealthy.
 z - a +0 pair of gloves (worn)
Magical Staves
 b - a staff of earth
 d - a staff of poison
 p - a staff of fire
Jewellery
 x - a ring of flight (left hand)
 A - an amulet of magic regeneration (around neck)
 B - a ring of positive energy (right hand)
Wands
 a - a wand of flame (4)
 y - a wand of quicksilver (4)
 F - a wand of iceblast (12)
Scrolls
 m - 2 scrolls of magic mapping {unknown}
Potions
 g - a potion of degeneration
 n - 5 potions of mutation
 v - a potion of cancellation


   Skills:
 + Level 8.0 Fighting
 - Level 4.3(5.0) Maces & Flails
 - Level 3.6(4.6) Staves
 - Level 5.3 Armour
 + Level 7.4 Dodging
 - Level 2.2 Stealth
 + Level 4.6 Spellcasting
 + Level 3.9 Conjurations
 - Level 2.4 Evocations


You had 17 spell levels left.
You knew the following spells:

 Your Spells              Type           Power      Damage    Failure   Level
a - Foxfire               Conj/Fire      36%        2x1d5     10%         1

Your spell library contained the following spells:

 Spells                   Type           Power      Damage    Failure   Level
 Scorch                   Fire           6%         2d5       32%         2
 Static Discharge         Conj/Air       9%         3-5/arc   14%         2
 Gell's Gravitas          Tloc           3%         N/A       54%         3
 Lesser Beckoning         Tloc           3%         N/A       54%         3
 Teleport Other           Tloc           3%         N/A       54%         3
 Sticky Flame             Conj/Fire      9%         2d3       67%         4
 Anguish                  Hex/Necr       1%         N/A       91%         4
 Dispel Undead            Necr           3%         3d7       91%         4
 Leda's Liquefaction      Hex/Erth       1%         N/A       91%         4
 Lee's Rapid Deconstruct  Erth           1%         3d5*      99%         5
 Summon Forest            Summ/Tloc      1%         N/A       99%         5
 Summon Mana Viper        Hex/Summ       3%         N/A       99%         5
 Statue Form              Tmut/Erth      2%         N/A       100%        6
 Summon Cactus Giant      Summ           1%         N/A       100%        6
 Enfeeble                 Hex            1%         N/A       100%        7


Dungeon Overview and Level Annotations

Branches:
Dungeon (8/15)             Temple (1/1) D:6
   Lair: D:8-11

Altars:
Ashenzari
Cheibriados
Dithmenos
Elyvilon
Fedhas
Gozag
Hepliaklqana
Makhleb
Nemelex Xobeh
Okawaru
Qazlal
Ru
Sif Muna
Trog
Vehumet
Wu Jian
Xom
Yredelemnul
Zin
The Shining One

Shops:
D:2 (   D:5 *   D:6 !*   D:8 (

Annotations:
D:6 1 runed translucent door, Crazy Yiuf
Temple 4 transporters


Message History

You feel better. The yak gores you.
* * * LOW HITPOINT WARNING * * *
The yak gores you.
* * * LOW HITPOINT WARNING * * *
Unknown command.
You feel better. The yak closely misses you. The yak gores you!
* * * LOW HITPOINT WARNING * * *
Unknown command.
Really quaff the potion of lignification?
You turn into a tree.
Your +1 cloak melds into your body.
Your +0 pair of gloves melds into your body.
The +2 leather armour "Juwiow" {Stlth+} melds into your body.
Your roots penetrate the ground.
The yak gores you.
* * * LOW HITPOINT WARNING * * *
The yak gores you.
* * * LOW HITPOINT WARNING * * *
You feel better.
The yak gores you but does no damage. x2
Unknown command.
It was a potion of cancellation.
Your magical effects are unravelling.
You feel magically purged.
You feel less wooden.
Your +1 cloak unmelds from your body.
Your +0 pair of gloves unmelds from your body.
The +2 leather armour "Juwiow" {Stlth+} unmelds from your body.
The yak barely misses you. The yak closely misses you.
It was a potion of berserk rage.
A red film seems to cover your vision as you go berserk!
You feel yourself moving faster!
You feel mighty! The yak gores you!
* * * LOW HITPOINT WARNING * * *
The yak closely misses you.
Unknown command.
You sock the yak!
Your weapon exudes an aura of protection.
Vehumet accepts your kill.
The yak explodes!
The fiery explosion engulfs the yak!!
Flame seeps out of the yak.
The yak is almost dead.
The fiery explosion engulfs you!!!
You die...

....#.# ##....#.....# #.#
....#.. #.....#.....# #.#
....### #####.#.....# #.#
###.#######+##∩##.......#
#.#### ###'#...##.. #+
###.....# #.....
#.......##..
#..############
#....>..##..
#.............' #.......#
#§#######.#############
#.....###
#§§YYY@#.<.............
#.....#
######.##########..##..
###.### #○# #...... #.#
#☼# #..#### ###.##### #§#
#..# ....>...# #§#
#..#### #######.# #☼#
#...... #.# #☼# ##.####
#.########.# #.#


You could see 3 yaks.

Vanquished Creatures
  Pikel (D:4)
  Sigmund (D:3)
  A wyvern (D:8)
  3 yaks (D:8)
  A steam dragon (D:7)
  Menkaure (D:7)
  4 water moccasins (D:6)
  An orc warrior (D:5)
  An ice beast (D:7)
  3 black bears
  A sky beast (D:7)
  A phantom (D:5)
  A lemure (D:6)
  2 kobold brigands
  A necrophage (D:4)
  A gnoll sergeant (D:5)
  2 scorpions
  3 wights (D:8)
  A jelly (D:2)
  2 hounds
  2 gnoll boudas
  4 orc priests
  8 iguanas
  5 orc wizards
  Robin (D:2)
  13 gnolls
  5 adders
  2 shadow imps
  2 worms
  3 dart slugs
  26 orcs
  9 ball pythons
  5 bats
  5 endoplasms
  6 giant cockroaches
  8 hobgoblins
  2 jackals (D:3)
  4 quokkas
  8 frilled lizards
  11 goblins
  10 kobolds
  6 rats
177 creatures vanquished.

Vanquished Creatures (collateral kills)
  Prince Ribbit (D:7)
1 creature vanquished.

Grand Total: 178 creatures vanquished

Notes
Turn   | Place    | Note
-------+----------+-------------------------------------------
     0 | D:1      | RatsInWalls the Human Monk began the quest for the Orb.
     0 | D:1      | Reached XP level 1. HP: 18/18 MP: 1/1
   431 | D:1      | Reached XP level 2. HP: 24/24 MP: 2/2
   986 | D:1      | Reached XP level 3. HP: 28/29 MP: 3/3
  1570 | D:2      | HP: 1/29 [worm (10)]
  1576 | D:2      | Found Opref's Antique Weapon Shop.
  1884 | D:2      | Reached skill level 1 in Armour
  2321 | D:3      | Reached XP level 4. HP: 29/35 MP: 4/4
  2680 | D:3      | Reached XP level 5. HP: 31/42 MP: 5/5
  2860 | D:3      | Noticed Sigmund
  3019 | D:3      | Noticed Robin
  3461 | D:4      | Reached skill level 4 in Fighting
  3461 | D:4      | Reached XP level 6. HP: 19/48 MP: 6/6
  4098 | D:4      | Noticed Pikel
  4317 | D:2      | Killed Robin
  4642 | D:3      | Killed Sigmund
  4643 | D:3      | Reached skill level 1 in Staves
  4643 | D:3      | Reached XP level 7. HP: 46/55 MP: 7/7
  5000 | D:4      | Killed Pikel
  5001 | D:4      | Reached skill level 5 in Fighting
  5001 | D:4      | Reached skill level 5 in Dodging
  5001 | D:4      | Reached XP level 8. HP: 30/63 MP: 8/8
  5291 | D:5      | Entered Level 5 of the Dungeon
  5337 | D:5      | Found Ojaebuaw's Assorted Antiques.
  6205 | D:6      | Found Naocierehi's Distillery.
  6208 | D:6      | Bought a potion of heal wounds for 55 gold pieces
  6208 | D:6      | Bought a potion of curing for 33 gold pieces
  6208 | D:6      | Bought a potion of curing for 33 gold pieces
  6353 | D:5      | Reached skill level 6 in Fighting
  6353 | D:5      | Reached XP level 9. HP: 53/69 MP: 8/10
  6360 | D:5      | Reached skill level 5 in Armour
  6362 | D:5      | Reached skill level 1 in Spellcasting
  7284 | D:5      | Identified the +2 leather armour "Juwiow" {Stlth+}
  7722 | D:6      | Found a bloodstained altar of Trog.
  8053 | D:6      | Found a staircase to the Ecumenical Temple.
  8071 | Temple   | Entered the Ecumenical Temple
  8071 | Temple   | Found a transporter.
  8071 | Temple   | Found a transporter.
  8073 | Temple   | Found a transporter.
  8073 | Temple   | Found a transporter.
  8089 | Temple   | Became a worshipper of Vehumet
  8089 | Temple   | Reached * piety under Vehumet
  8089 | Temple   | Offered knowledge of Foxfire by Vehumet.
  8089 | Temple   | Reached ** piety under Vehumet
  8109 | Temple   | Learned a level 1 spell: Foxfire
  8123 | D:6      | Offered knowledge of Sandblast by Vehumet.
  8382 | D:6      | Found Bor Pile's Specific Store.
  8384 | D:6      | Found Unepolel's General Store.
  8392 | D:6      | Bought a potion of heal wounds for 50 gold pieces
  8415 | D:6      | Found an opulent altar of Gozag.
  8428 | D:6      | Found a hazy altar of Hepliaklqana.
  8504 | D:6      | Found a runed translucent door.
  8505 | D:6      | Noticed Crazy Yiuf
  8654 | D:6      | Noticed Grinder
  8655 | D:6      | Noticed Grinder
  8655 | D:6      | Grinder changed into Grinder the lemure
  8661 | D:6      | Killed Grinder the lemure
  8662 | D:6      | Reached skill level 1 in Conjurations
  9176 | D:7      | Reached skill level 7 in Fighting
  9400 | D:7      | Noticed Prince Ribbit
  9420 | D:7      | Killed Prince Ribbit
  9583 | D:7      | Noticed Menkaure
  9608 | D:7      | Killed Menkaure
  9609 | D:7      | Reached XP level 10. HP: 57/79 MP: 15/15
  9899 | D:6      | Reached skill level 1 in Evocations
 10408 | D:7      | Noticed a deep elf zephyrmancer
 11677 | D:8      | Offered knowledge of Scorch by Vehumet.
 11950 | D:8      | Found Ticryst's Weapon Boutique.
 12088 | D:8      | Reached skill level 8 in Fighting
 12102 | D:8      | HP: 4/80 [yak (7)]
 12109 | D:8      | Killed by an exploding yak... ignited by their inner flame

Illustrated notes

Levels and vault maps discovered:
D:1:      giann_wishing_wells, layout_loops_ring
D:2:      layout_basic, serial_shops, shop
D:3:      layout_rooms, uniq_robin, uniq_sigmund
D:4:      layout_cave_pools, uniq_pikel
D:5:      layout_gridville, serial_shops, shop,
          nicolae_concentric_dashed_squares_wild, hangedman_decor_peaks_small
D:6:      layout_basic, grunt_temple_overflow_open, lemuel_round_altar,
          minmay_temple_entry_mini_moons, serial_shops, shop,
          nicolae_specific_store, uniq_crazy_yiuf_cottage, uniq_grinder
D:7:      layout_loops_ring, guppyfry_early_elven_hall, uniq_prince_ribbit1,
          uniq_menkaure
D:8:      layout_basic, serial_shops, nicolae_shop_window_shopping
Temple:   hellmonk_temple_divided_pantheon

Skill      XL: |  1  2  3  4  5  6  7  8  9 10 |
---------------+-------------------------------+-----
Armour         | 1 2 3 4 5 |  5.3
Fighting       | 4 5 6 7 8 |  8.0
Maces & Flails | 4 |  4.3
Dodging        | 4 5 6 7 |  7.4
Staves         | 1 2 3 |  3.6
Spellcasting   | 3 4 |  4.6
Conjurations   | 2 3 |  3.9
Evocations     | 2 |  2.4
Stealth        | |  2.2

Action                   |  1- 3 |  4- 6 |  7- 9 | 10-12 || total
-------------------------+-------+-------+-------+-------++-------
Melee: Mace              |   122 |       |       |       ||   122
       Whip              |    11 |   160 |   306 |   170 ||   647
       Punch             |     1 |     1 |     2 |     3 ||     7
       Flail             |       |       |       |    45 ||    45
Evoke: Wand              |       |       |     4 |     1 ||     5
  Use: Scroll            |       |     5 |     3 |     7 ||    15
       Potion            |       |       |     8 |    15 ||    23
 Stab: Sleeping          |     6 |       |     4 |     2 ||    12
       Distracted        |       |       |     1 |       ||     1
Armor: Robe              |    18 |       |       |       ||    18
       Leather armour    |    11 |    19 |    32 |    63 ||   125
       Ring mail         |       |    17 |    36 |       ||    53
       Skin              |       |       |       |     7 ||     7
Dodge: Dodged            |   102 |   108 |   203 |   162 ||   575
